 Dungeon Crawl Stone Soup version 0.23.1-37-gaa34b87 (webtiles) character file.

Game seed: 13667961815542065978

242 night the Twirler (level 5, -2/38 HPs)
             Began as a Mummy Gladiator on Mar 23, 2019.
             Slain by Menkaure (14 damage)
             ... on level 3 of the Dungeon.
             The game lasted 00:07:07 (2578 turns).

night the Twirler (Mummy Gladiator)                 Turns: 2578, Time: 00:07:08

Health: -2/38      AC: 10    Str: 18    XL:     5   Next: 81%
Magic:  5/5        EV:  7    Int:  8    God:
Gold:   153        SH:  7    Dex: 13    Spells: 4/4 levels left

rFire    x . .     SeeInvis .   b - +2 dagger (vamp)
rCold    + . .     Gourm    .   j - +0 shield (curse)
rNeg     + + +     Faith    .   f - +0 scale mail
rPois    ∞         Spirit   .   c - +1 helmet
rElec    .         Reflect  .   (no cloak)
rCorr    .         Harm     .   i - +0 pair of gloves
MR       .....                  n - +0 pair of boots (curse)
Stlth    ..........             (no amulet)
HPRegen  0.12/turn              (no ring)
MPRegen  0.09/turn              (no ring)

@: no status effects
A: no food or potions, fire vulnerability, cold resistance 1, negative energy
resistance 3, torment resistance, unbreathing
a: no special abilities


You were on level 3 of the Dungeon.
You were not hungry.

You visited 1 branch of the dungeon, and saw 4 of its levels.

You collected 153 gold pieces.

Inventory:

Hand Weapons
 a - a +0 quarterstaff
 b - a +2 vampiric dagger (weapon)
Missiles
 d - 3 throwing nets (quivered)
 g - 142 stones
 h - 7 tomahawks of returning
 m - 3 javelins
Armour
 c - a +1 helmet (worn)
 f - a +0 scale mail (worn)
 i - a +0 pair of gloves (worn)
 j - a cursed +0 shield (worn)
 k - a +0 leather armour
 n - a cursed +0 pair of boots (worn)
Scrolls
 e - a scroll of teleportation
 l - a scroll of fear
 o - a scroll of identify


   Skills:
 - Level 2.0 Fighting
 + Level 5.5 Staves
 - Level 1.5 Throwing
 - Level 2.4 Dodging


You had 4 spell levels left.
You didn't know any spells.
Your spell library was empty.

Dungeon Overview and Level Annotations

Branches:
Dungeon (4/15)
 Temple: D:4-7

Altars:
Trog
Xom

Annotations:
D:3 2 transporters, Menkaure


Innate Abilities, Weirdness & Mutations

You do not eat or drink.
Your flesh is vulnerable to fire.
You are immune to poison.
Your flesh is cold resistant. (rC+)
You are immune to negative energy. (rN+++)
You are immune to unholy pain and torment.
You can survive without breathing.


Message History

Menkaure is severely damaged.
Menkaure barely misses you. You block the leopard gecko's attack.
Menkaure hits you!
You see here a scroll of enchant armour.
Menkaure hits you but does no damage. The leopard gecko bites you.
There is a stone staircase leading up here.
Menkaure hits you but does no damage. The leopard gecko closely misses you.
You climb upwards.
Level annotation: 2 transporters
There is a stone staircase leading down here.
The leopard gecko barely misses you.
You hit Menkaure.
Menkaure is severely damaged.
Menkaure hits you. You block the leopard gecko's attack.
You block Menkaure's attack.
You hit Menkaure.
Menkaure is severely damaged.
You block the leopard gecko's attack. Menkaure hits you!
You die...

..#####......###........#.≈≈≈≈≈.#
.............#..........#5≈≈⌠≈≈.#
)..............#........#5≈≈P≈≈.#
..#####.......##........#5≈...≈5#
#.#####.................#5≈...≈5#
#....######........<....####+####
####..######............#≈..)..≈#
####..........##........#8P$©$P8#
.##..####..#...#@l......#########
....##.......#.#M...........©....
.#####.##.#....)..!.#.###.....###
..#.....................#.....#
..........##............#.....#
....####..####..........#.#####
....##...## #.#........#.####
.....#.### #........<......#
.....#.# ##..#.......>...#


You could see Menkaure and a leopard gecko.

Vanquished Creatures
  A scorpion (D:4)
  3 gnolls
  7 adders
  An ooze (D:1)
  A worm (D:2)
  A dart slug (D:2)
  8 leopard geckos
  8 orcs (D:3)
  A ball python (D:1)
  8 bats
  4 giant cockroaches
  8 goblins
  8 hobgoblins
  2 jackals (D:2)
  4 kobolds
  2 quokkas (D:2)
  2 frilled lizards
  7 rats
76 creatures vanquished.

Notes
Turn   | Place    | Note
-------+----------+-------------------------------------------
     0 | D:1      | night the Mummy Gladiator began the quest for the Orb.
     0 | D:1      | Reached XP level 1. HP: 16/16 MP: 1/1
   268 | D:1      | Reached skill level 3 in Staves
   268 | D:1      | Reached XP level 2. HP: 22/22 MP: 2/2
   351 | D:1      | Found a shimmering altar of Xom.
   866 | D:2      | Reached XP level 3. HP: 20/27 MP: 3/3
  1154 | D:2      | Found a bloodstained altar of Trog.
  1177 | D:2      | Reached skill level 4 in Staves
  1234 | D:2      | Reached XP level 4. HP: 32/33 MP: 4/4
  1992 | D:3      | Reached XP level 5. HP: 38/38 MP: 5/5
  2021 | D:3      | Found a transporter.
  2046 | D:3      | Found a transporter.
  2132 | D:3      | Reached skill level 5 in Staves
  2559 | D:4      | Noticed Menkaure
  2578 | D:3      | Slain by Menkaure

Skill      XL: |  1  2  3  4  5 |
---------------+----------------+-----
Staves         | 3 4 5 |  5.5
Fighting       | |  2.0
Throwing       | |  1.5
Dodging        | |  2.4

Action                   |  1- 3 |  4- 6 || total
-------------------------+-------+-------++-------
Melee: Quarterstaff      |   100 |    24 ||   124
       Dagger            |       |   221 ||   221
  Use: Scroll            |     2 |     3 ||     5
Armor: Leather armour    |    26 |       ||    26
       Scale mail        |     1 |    95 ||    96
Dodge: Dodged            |    74 |   109 ||   183
Block: Shield            |       |    40 ||    40
